 Dungeon Crawl Stone Soup version 0.25-a0-701-gb30f108f01 (webtiles) character file.

Game seed: 1051560141954274437, levelgen mode: deterministic

75147 Brecoman the Thaumaturge (level 15, -12/80 HPs)
             Began as a Deep Elf Ice Elementalist on Apr 3, 2020.
             Was the Champion of Fedhas.
             Mangled by a sun demon (14 damage)
             ... summoned by the player character
             ... on level 1 of the Swamp.
             The game lasted 02:28:42 (25825 turns).

Brecoman the Thaumaturge (DEIE)                    Turns: 25825, Time: 02:28:43

Health: -12/80     AC: 12    Str:  8    XL:     15   Next: 8%
Magic:  37/41      EV: 24    Int: 32    God:    Fedhas [******]
Gold:   2775       SH:  0    Dex: 22    Spells: 11/42 levels left

rFire    . . .     SeeInvis .   v - +6 Majin-Bo {vamp, Archmagi MP+6 Int+6}
rCold    + . .     Gourm    .   (shield currently unavailable)
rNeg     . . .     Faith    .   M - +2 robe {MR+}
rPois    +         Spirit   .   (no helmet)
rElec    +         Reflect  .   z - scarf {cloud immunity}
rCorr    .         Harm     .   l - +1 pair of gloves
MR       ++...                  (no boots)
Stlth    ++........             H - amulet of Cuttipt {rC+ Regen+ Str+4 Dex+3}
HPRegen  0.00/turn              G - +6 ring of protection
MPRegen  0.27/turn              S - ring of Ohezuhamm {rElec rPois Str-2 Dex+4}

@: very slow
A: frail 1, inhibited regeneration
a: Wall of Briars, Grow Ballistomycete, Overgrow, Grow Oklob, Renounce Religion


You were on level 1 of the Swamp.
You worshipped Fedhas.
Fedhas was exalted by your worship.
You were not hungry.

You visited 3 branches of the dungeon, and saw 21 of its levels.
You also visited: Gauntlet.

You collected 3047 gold pieces.
You spent 272 gold pieces at shops.

Inventory:

Hand Weapons
 v - the +6 Majin-Bo (weapon) {vamp, Archmagi MP+6 Int+6}
   (You found it on level 5 of the Dungeon)

   It inflicts no extra harm, but heals its wielder when it wounds a living foe.
   It affects your intelligence (+6).
   It affects your magic capacity (+6).
 V - the +7 great mace "Undeadhunter" {disrupt, rN+}
   (You took it off a minotaur in a Gauntlet)

   It protects you from negative energy.
Missiles
 b - 33 boomerangs (quivered)
Armour
 l - a +1 pair of gloves (worn)
 z - a scarf of cloud immunity (worn)
 M - a +2 robe of magic resistance (worn)
Jewellery
 e - a +4 ring of protection
 j - an uncursed ring of protection from magic
 n - an uncursed ring of see invisible
 y - an uncursed ring of protection from cold
 D - an uncursed ring of ice
 F - an uncursed ring of positive energy
 G - a +6 ring of protection (left hand)
 H - the amulet of Cuttipt (around neck) {rC+ Regen+ Str+4 Dex+3}
   (You found it on level 11 of the Dungeon)

   [amulet of regeneration]

   It affects your strength (+4).
   It affects your dexterity (+3).
   It protects you from cold.
   It increases your rate of regeneration.
 P - an uncursed ring of protection from fire
 S - the ring of Ohezuhamm (right hand) {rElec rPois Str-2 Dex+4}
   (You found it in a Gauntlet)

   [ring of poison resistance]

   It affects your strength (-2).
   It affects your dexterity (+4).
   It insulates you from electricity.
   It protects you from poison.
Wands
 d - a wand of digging (4)
 q - a wand of clouds (5)
 t - a wand of random effects (29)
 I - a wand of enslavement (10)
 J - a wand of scattershot (2)
 K - a wand of flame (15)
 Y - a wand of paralysis (8)
Scrolls
 a - 2 scrolls of vulnerability
 o - 7 scrolls of remove curse
 r - 7 scrolls of teleportation
 u - a scroll of amnesia
 w - a scroll of fog
 A - 2 scrolls of immolation
 N - 3 scrolls of identify
 O - a scroll of fear
 R - a scroll of blinking
 U - a scroll of enchant weapon
Potions
 f - 3 potions of curing
 h - 5 potions of berserk rage
 i - a potion of ambrosia
 k - 2 potions of lignification
 m - 10 potions of flight
 p - 2 potions of brilliance
 s - 6 potions of might
 x - a potion of resistance
 B - 2 potions of invisibility
 C - a potion of stabbing
 E - a potion of magic
 L - 3 potions of mutation
Miscellaneous
 Z - a lightning rod (4/4)
Comestibles
 c - 46 rations


   Skills:
 + Level 8.8 Fighting
 + Level 11.0 Staves
 - Level 12.4 Dodging
 - Level 4.4 Stealth
   Level 2.9 Shields
 + Level 14.2 Spellcasting
 + Level 9.1 Conjurations
 - Level 7.4 Charms
 - Level 5.4 Summonings
 - Level 7.0 Ice Magic
 + Level 6.2 Earth Magic
 - Level 10.5 Invocations


You had 11 spell levels left.
You knew the following spells:

 Your Spells              Type           Power        Failure   Level  Hunger
a - Freeze                Ice            ####         1%          1    None
b - Frozen Ramparts       Ice            ######       1%          3    None
c - Ozocubu's Armour      Chrm/Ice       #######.     1%          3    None
d - Hailstorm             Conj/Ice       #######.     1%          4    None
e - Summon Ice Beast      Ice/Summ       #######.     1%          4    None
f - Iskenderun's Battles  Conj/Chrm      #######.     1%          5    None
g - Iron Shot             Conj/Erth      #######...   13%         6    ###....
h - Summon Demon          Summ           ######....   6%          5    None

Your spell library contained the following spells:

 Spells                   Type           Power        Failure   Level  Hunger
 Apportation              Tloc           ####..       1%          1    None
 Summon Butterflies       Summ           ######..     1%          1    None
 Recall                   Summ/Tloc      N/A          1%          3    None
 Lesser Beckoning         Tloc           ####......   6%          3    None
 Tukima's Dance           Hex            ####....     6%          3    None
 Aura of Abjuration       Summ           ######....   6%          5    None
 Bolt of Magma            Conj/Fire/Erth ######....   7%          5    None
 Summon Forest            Summ/Tloc      ######....   19%         5    None
 Summon Mana Viper        Hex/Summ       ######..     19%         5    None
 Shadow Creatures         Summ           N/A          32%         6    ###....
 Orb of Destruction       Conj           #######...   36%         7    #####..
 Alistair's Intoxication  Tmut/Pois      ####....     50%         5    None
 Spellforged Servitor     Conj/Summ      #######...   65%         7    #####..
 Invisibility             Hex            ####....     97%         6    ###....


Dungeon Overview and Level Annotations

Branches:
Dungeon (14/15)            Temple (0/1) D:6            Lair (6/6) D:11
  Swamp (1/4) Lair:3       Spider (0/4) Lair:2        Slime (0/5) Lair:6
    Orc (0/2) D:9          Vaults (0/5) D:14        Gauntlet (visited)

Altars:
Ashenzari
Cheibriados
Dithmenos
Fedhas
Gozag
Makhleb
Okawaru
Qazlal
Trog
Uskayaw
Zin
The Shining One
Jiyva

Shops:
D:2 *   D:4 (   D:6 [   D:9 }


Innate Abilities, Weirdness & Mutations

You are frail. (-10% HP)
You do not regenerate when monsters are visible.


Message History

You hear a roar!
You enter the shallow water.
Moving in this stuff is going to be slow.
A very large slime creature splits.
The eight-headed hydra roars!
The slime creature hits you. The eight-headed hydra misses you.
The eight-headed hydra bites you!
* * * LOW HITPOINT WARNING * * *
The eight-headed hydra bites you.
* * * LOW HITPOINT WARNING * * *
The eight-headed hydra barely misses you. x2
The eight-headed hydra bites you.
* * * LOW HITPOINT WARNING * * *
The eight-headed hydra bites you.
* * * LOW HITPOINT WARNING * * *
The eight-headed hydra bites you!
* * * LOW HITPOINT WARNING * * *
The sun demon hits you!
You die...
Fedhas appreciates your contribution to the ecosystem.

♣≈≈.≈≈... ..
..♣.≈♣... ≈ .$
...≈≈≈ .♣.. ...≈
♣#8#♣
♣♣w♣♣♣#...#♣♣
♣♣♣♣.......⌠....
♣..!..♣♣♣#...#♣♣
≈≈♣.≈≈J3J§♣ #8#♣♣
≈≈..≈≈D@..♣ ♣..♣
≈≈♣≈♣♣≈≈≈≈♣ ♣.<♣
≈ ♣≈.).≈≈≈♣♣♣♣.≈♣
♣≈≈.≈≈≈≈...♣.≈≈♣
♣$≈..≈...≈≈...♣.♣
≈≈≈....≈≈≈≈≈.♣♣.♣
.?.♣≈≈.≈≈..≈....♣
..≈≈≈♣|≈≈≈.♣.♣≈.♣
...≈≈§≈≈≈..♣≈.♣


You could see an eight-headed hydra, a tyrant leech, a large slime creature, a
slime creature and a sun demon.

Vanquished Creatures
  A cacodemon (Gauntlet)
  An ironheart preserver (D:14)
  An entropy weaver (D:11)
  A dire elephant (Lair:6)
  Fannar (Lair:3)
  5 hydras
  A two-headed ogre (D:13)
  8 centaur warriors
  A merfolk avatar (Lair:6)
  A tengu warrior (D:13)
  5 death yaks (Lair:6)
  A sea snake (Lair:5)
  An unseen horror (D:13)
  An orb spider (Lair:2)
  3 ugly things
  2 cyclopes
  2 manticores (D:12)
  A centaur zombie (D:14)
  6 elephants
  A gargoyle (D:13)
  2 black mambas
  13 spiny frogs
  2 rime drakes
  7 komodo dragons
  4 trolls
  2 polar bears (Lair:6)
  2 tyrant leeches (Lair:2)
  4 hornets
  17 blink frogs
  9 hippogriffs
  A raiju (shapeshifter) (D:13)
  4 dream sheep (Lair:6)
  4 slime creatures (Swamp:1)
  2 small abominations (Gauntlet)
  A shadow (D:14)
  3 wyverns
  A vampire (D:14)
  42 yaks
  A basilisk (Lair:5)
  A neqoxec (Gauntlet)
  3 vampire mosquitoes (D:13)
  2 hungry ghosts
  2 steam dragons (D:12)
  2 acid dragons (D:12)
  15 soldier ants
  19 water moccasins
  10 porcupines
  3 black bears
  5 phantoms
  An ice beast (D:5)
  6 sky beasts
  2 eyes of draining
  6 orc warriors
  35 wolves
  A necrophage (D:8)
  7 ogres
  13 crocodiles
  15 centaurs
  6 big kobolds
  17 bullfrogs
  A water moccasin zombie (D:10)
  A wyvern skeleton (D:11)
  4 scorpions
  13 killer bees
  16 wights
  9 howler monkeys
  6 crimson imps
  2 quasits (D:9)
  4 bullfrog zombies
  5 bullfrog skeletons
  6 orc priests
  5 hounds
  2 centaur skeletons
  4 jellies
  10 orc wizards
  8 iguanas
  29 worker ants
  3 hound skeletons
  A hound zombie (D:9)
  2 worker ant zombies
  4 gnolls (D:11)
  11 adders
  3 shadow imps
  An adder zombie (D:8)
  A worm (D:3)
  3 leopard geckos
  59 orcs
  3 ball pythons (D:3)
  8 giant cockroaches
  9 goblins
  3 hobgoblins (D:1)
  24 jackals
  29 kobolds
  A quokka (D:7)
  8 bats
  4 frilled lizards
  A jackal skeleton (D:8)
  8 rats
647 creatures vanquished.

Vanquished Creatures (collateral kills)
  An entropy weaver (D:12)
  A minotaur (Gauntlet)
  3 hydras
  A queen ant (D:12)
  A death yak (Lair:6)
  A thrashing horror (Gauntlet)
  A sea snake (Lair:6)
  3 ugly things (D:14)
  2 elephants
  Psyche (D:9)
  2 komodo dragons
  3 spiny frogs
  2 rime drakes (Lair:6)
  A polar bear (Lair:6)
  A dream sheep (Lair:6)
  2 hippogriffs
  2 wraiths
  A wyvern (Lair:3)
  5 yaks (Lair:6)
  2 neqoxecs (Gauntlet)
  A swamp worm (Lair:3)
  3 soldier ants (D:12)
  A porcupine (Lair:4)
  A sky beast (D:9)
  4 wolves (Lair:4)
  A crocodile (Lair:6)
  2 scorpions
  A killer bee (D:13)
  A wight (D:12)
  A jelly (D:9)
  5 worker ants (D:12)
  3 orcs
  A jackal skeleton (D:4)
  23 ballistomycete spores
84 creatures vanquished.

Vanquished Creatures (others)
  A shambling mangrove (Swamp:1)
  An orc (D:9)
  A bush (Lair:3)
  14 fungi
  42 plants
  2 toadstools (D:7)
61 creatures vanquished.

Grand Total: 792 creatures vanquished

Notes
Turn   | Place    | Note
-------+----------+-------------------------------------------
     0 | D:1      | Brecoman the Deep Elf Ice Elementalist began the quest for
                  | the Orb.
     0 | D:1      | Reached XP level 1. HP: 10/10 MP: 6/6
    96 | D:1      | Reached XP level 2. HP: 9/15 MP: 6/8
   501 | D:1      | You fall into a shaft and drop 1 floor!
   509 | D:2      | Found a blossoming altar of Fedhas.
   520 | D:2      | Became a worshipper of Fedhas Madash
   557 | D:2      | Found a shattered altar of Ashenzari.
   743 | D:2      | Reached XP level 3. HP: 19/19 MP: 8/10
   905 | D:2      | Found Zin's Purification Station.
   912 | D:2      | Found a glowing silver altar of Zin.
  1355 | D:2      | Found a shadowy altar of Dithmenos.
  1528 | D:2      | Reached * piety under Fedhas
  2030 | D:3      | Reached XP level 4. HP: 24/24 MP: 7/11
  2032 | D:3      | Reached skill level 1 in Invocations
  2225 | D:3      | Learned a level 3 spell: Frozen Ramparts
  2331 | D:3      | Reached skill level 4 in Spellcasting
  2372 | D:3      | Reached skill level 5 in Ice Magic
  2562 | D:3      | Reached XP level 5. HP: 28/28 MP: 7/13
  2737 | D:3      | Found a glowing golden altar of the Shining One.
  2938 | D:4      | Found Soagyos's Weapon Boutique.
  2997 | D:4      | Reached ** piety under Fedhas
  3023 | D:4      | Reached XP level 6. HP: 32/32 MP: 1/15
  3211 | D:4      | Learned a level 3 spell: Ozocubu's Armour
  3493 | D:4      | Noticed an orc warrior
  3495 | D:4      | Reached skill level 1 in Charms
  3499 | D:4      | Killed an orc warrior
  3499 | D:4      | Reached skill level 5 in Spellcasting
  3786 | D:4      | Learned a level 4 spell: Hailstorm
  3787 | D:5      | Entered Level 5 of the Dungeon
  3821 | D:5      | Noticed an ice beast
  3871 | D:5      | Reached XP level 7. HP: 36/36 MP: 11/16
  4025 | D:5      | Reached skill level 1 in Conjurations
  4064 | D:5      | Reached skill level 5 in Dodging
  4108 | D:5      | Found the +6 Majin-Bo {vamp, Archmagi MP+6 Int+6}
  4376 | D:5      | Learned a level 4 spell: Summon Ice Beast
  4440 | D:5      | Reached skill level 6 in Spellcasting
  4943 | D:5      | Found an opulent altar of Gozag.
  4982 | D:6      | Reached skill level 1 in Staves
  5033 | D:6      | Reached skill level 1 in Summonings
  5297 | D:6      | Found a staircase to the Ecumenical Temple.
  5376 | D:6      | Found Munarroni's Antique Armour Boutique.
  5385 | D:6      | Bought a glowing scarf for 272 gold pieces
  5408 | D:6      | Reached XP level 8. HP: 42/42 MP: 19/19
  5423 | D:6      | Reached skill level 1 in Fighting
  5572 | D:6      | Reached *** piety under Fedhas
  5721 | D:6      | Found a snail-covered altar of Cheibriados.
  6584 | D:7      | Found a bloodstained altar of Trog.
  6586 | D:7      | Found an iron altar of Okawaru.
  6595 | D:7      | Reached skill level 7 in Spellcasting
  6648 | D:7      | Reached XP level 9. HP: 19/48 MP: 21/21
  7129 | D:7      | Learned a level 5 spell: Iskenderun's Battlesphere
  7689 | D:8      | Reached **** piety under Fedhas
  8379 | D:8      | Found a burning altar of Makhleb.
  8433 | D:8      | Found a burning altar of Makhleb.
  8668 | D:9      | Reached skill level 8 in Spellcasting
  8759 | D:9      | Found a staircase to the Orcish Mines.
  8806 | D:9      | Found Kiuxuent's Gadget Shop.
  8822 | D:9      | Found a stormy altar of Qazlal.
  8903 | D:9      | Noticed a +0 dagger
  8903 | D:9      | Noticed a +0 hand axe
  8906 | D:9      | Found a hide-covered altar of Uskayaw.
  8996 | D:9      | Reached skill level 5 in Conjurations
  9049 | D:9      | Reached XP level 10. HP: 55/56 MP: 24/24
  9273 | D:9      | Reached skill level 5 in Invocations
  9294 | D:9      | Reached ***** piety under Fedhas
  9297 | D:9      | Reached skill level 5 in Charms
  9679 | D:9      | Noticed Psyche
  9692 | D:9      | Killed Psyche
  9869 | D:10     | Entered Level 10 of the Dungeon
 10477 | D:10     | Reached skill level 5 in Staves
 10477 | D:10     | Reached skill level 9 in Spellcasting
 11353 | D:11     | Got a scorched emerald amulet
 11354 | D:11     | Identified the amulet of Cuttipt {rC+ Regen+ Str+4 Dex+3}
                  | (You found it on level 11 of the Dungeon)
 11584 | D:11     | Reached XP level 11. HP: 59/62 MP: 23/26
 11780 | D:11     | Found a staircase to the Lair.
 11890 | D:11     | Found the +15 Maxwell's patent armour {-Cast -Tele rElec
                  | MR+ rCorr}
 12041 | Lair:1   | Entered Level 1 of the Lair of Beasts
 12466 | Lair:1   | Reached skill level 10 in Spellcasting
 12605 | Lair:1   | Reached skill level 5 in Fighting
 12863 | Lair:2   | You fall into a shaft and drop 1 floor!
 12895 | Lair:3   | Noticed a seven-headed hydra
 13304 | Lair:2   | Reached ****** piety under Fedhas
 13480 | Lair:2   | Found a hole to the Spider Nest.
 13480 | Lair:2   | Noticed an orb spider
 13490 | Lair:2   | Killed an orb spider
 13490 | Lair:2   | Reached XP level 12. HP: 59/68 MP: 16/28
 13770 | Lair:3   | Noticed Fannar
 13787 | Lair:3   | Killed Fannar
 13962 | Lair:3   | Reached skill level 10 in Dodging
 14283 | Lair:2   | Reached skill level 11 in Spellcasting
 14513 | Lair:3   | Found a staircase to the Swamp.
 14565 | Lair:3   | Killed a seven-headed hydra
 14973 | Lair:4   | Reached skill level 1 in Shields
 15411 | Lair:4   | Noticed a seven-headed hydra
 15427 | Lair:4   | Noticed a five-headed hydra
 15433 | Lair:4   | Killed a five-headed hydra
 15662 | Lair:4   | Killed a seven-headed hydra
 16014 | Lair:4   | Noticed a six-headed hydra
 16071 | Lair:4   | Killed a six-headed hydra
 16311 | Lair:4   | Noticed a seven-headed hydra
 16319 | Lair:4   | Reached XP level 13. HP: 62/76 MP: 30/30
 16328 | Lair:4   | Reached skill level 12 in Spellcasting
 16784 | Lair:5   | Identified a scroll of acquirement
 16784 | Lair:5   | Identified the amulet "Nasseef" {Regen+ Dex+8 Slay-6 SInv}
                  | (You acquired it on level 5 of the Lair of Beasts)
 17211 | Lair:5   | Learned a level 6 spell: Iron Shot
 17551 | Lair:6   | Entered Level 6 of the Lair of Beasts
 17677 | Lair:5   | Reached skill level 1 in Earth Magic
 17887 | Lair:6   | Noticed a dire elephant
 17974 | Lair:6   | Found a staircase to the Slime Pits.
 17974 | Lair:6   | Found a viscous altar of Jiyva.
 18299 | Lair:6   | Paralysed by a hornet for 1 turns
 18939 | Lair:6   | Reached skill level 10 in Invocations
 19331 | Lair:6   | Reached skill level 10 in Staves
 19339 | Lair:6   | Reached XP level 14. HP: 65/83 MP: 4/32
 19342 | Lair:6   | Reached skill level 13 in Spellcasting
 20165 | D:12     | Learned a level 5 spell: Summon Demon
 20184 | D:12     | Found a gate leading to a gauntlet.
 20204 | Gauntlet | Entered a Gauntlet
 20204 | Gauntlet | Found a transporter.
 20207 | Gauntlet | Found a transporter.
 20219 | Gauntlet | Found a transporter.
 20223 | Gauntlet | Found a transporter.
 20232 | Gauntlet | Noticed a cacodemon
 20233 | Gauntlet | Found a transporter.
 20253 | Gauntlet | Found a transporter.
 20266 | Gauntlet | Found a transporter.
 20286 | Gauntlet | Found a transporter.
 20290 | Gauntlet | Found a transporter.
 20298 | Gauntlet | Found a transporter.
 20320 | Gauntlet | Found a transporter.
 20324 | Gauntlet | Found a transporter.
 20591 | Gauntlet | Gained mutation: You are frail. (-10% HP) [a cacodemon]
 20598 | Gauntlet | Killed a cacodemon
 20601 | Gauntlet | Gained mutation: You do not regenerate when monsters are
                  | visible. [a neqoxec]
 20635 | Gauntlet | Got a glittering ivory ring
 20636 | Gauntlet | Identified the ring of Ohezuhamm {rElec rPois Str-2 Dex+4}
                  | (You found it in a Gauntlet)
 20885 | D:12     | You fall into a shaft and drop 2 floors!
 21745 | D:12     | Reached skill level 5 in Earth Magic
 22159 | D:12     | Noticed an entropy weaver
 22160 | D:12     | Noticed an entropy weaver
 22322 | D:11     | Killed an entropy weaver
 22587 | D:12     | Killed an entropy weaver
 23517 | D:13     | Reached skill level 5 in Summonings
 24254 | D:14     | Reached skill level 14 in Spellcasting
 24596 | D:14     | Identified the +4 mace of the Lumpy Stars {antimagic,
                  | Str+3}
 24736 | D:14     | Noticed an ironheart preserver
 24753 | D:14     | Killed an ironheart preserver
 24753 | D:14     | Reached XP level 15. HP: 47/80 MP: 35/35
 24858 | D:14     | Found a gate to the Vaults.
 25249 | D:14     | HP: 3/80 [centaur warrior (13)]
 25667 | Swamp:1  | Entered Level 1 of the Swamp
 25825 | Swamp:1  | HP: 2/80 [eight-headed hydra (12)]
 25825 | Swamp:1  | Mangled by a sun demon

Levels and vault maps discovered:
D:1:      minmay_arrival_four_circles, layout_basic
D:2:      layout_loops_ring, ashenzari_altar_1, zin_purify,
          grunt_dithmenos_smoke, lemuel_coloured_pillars_altar
D:3:      layout_loops_ring, nicolae_tso_swordbearing_angel, first_ration,
          minmay_shallow_snake_nest
D:4:      layout_basic, serial_shops, shop, minmay_close_crescents
D:5:      layout_basic, kennysheep_mini_moat, minivault_5, minivault_19
D:6:      layout_basic, kennysheep_little_box, temple_hall, serial_shops,
          nicolae_shop_stone
D:7:      layout_cave_pools, grunt_temple_overflow_bloody_war,
          minmay_gold_behind_fungi
D:8:      layout_gridville, overflow_temple_1_default, basic_altar
D:9:      layout_gridville, dancing_weapons_uskayaw,
          nicolae_qazlal_style_of_elements, orc_0_dummy, serial_shops, shop,
          hangedman_pestilent_swarm, uniq_psyche
D:10:     layout_layer_cave, minmay_misc_feat_roman
D:11:     layout_cave_pools, lair_entry_dummy
D:12:     layout_gridville, gauntlet_entry_generic, zaba_antful_of_joy
D:13:     kennysheep_blocky_room, layout_loops_ring
D:14:     layout_roguey, skrybe_vaults_entry_preservation,
          chequers_serial_rivers_room_b
Lair:1:   layout_roguey, st_stairs_10, beast_lair_carwin_11
Lair:2:   layout_chaotic_city, nicolae_spider_entry_orb_guardian
Lair:3:   layout_chaotic_city, minmay_swamp_entry_worms, enter_volcano_2,
          beast_lair_carwin_4, grunt_megastairs_2, uniq_fannar
Lair:4:   cheibrodos_lair_overgrown_chateau, layout_gridlike,
          grunt_forest_large_clearings
Lair:5:   layout_roguey
Lair:6:   gammafunk_lair_ancient_temple, layout_hall_layers, slime_altar_1,
          grunt_megastairs_3, lemuel_fruit_tree
Swamp:1:  layout_falls_marsh, hangedman_swamp_ruin_wall, swamp_pool1,
          cheibrodos_swamp_slimy

Skill      XL: |  1  2  3  4  5  6  7  8  9 10 11 12 13 14 |
---------------+-------------------------------------------+-----
Stealth        | 3 4 |  4.4
Dodging        | 3 4 5 6 7 8 9 11 12 | 12.4
Invocations    | 1 2 3 4 6 7 9 10 | 10.5
Spellcasting   | 4 5 6 7 8 9 10 11 12 14 | 14.2
Ice Magic      | 5 6 7 |  7.0
Charms         | 2 4 6 7 |  7.4
Conjurations   | 2 3 5 6 8 9 |  9.1
Staves         | 1 2 4 5 7 9 10 11 | 11.0
Summonings     | 1 3 5 |  5.4
Fighting       | 2 3 4 5 6 7 8 |  8.8
Shields        | 2 |  2.9
Earth Magic    | 4 6 |  6.2

Action                   |  1- 3 |  4- 6 |  7- 9 | 10-12 | 13-15 || total
-------------------------+-------+-------+-------+-------+-------++-------
Melee: Unarmed           |     1 |       |       |       |       ||     1
       Whip              |    13 |     5 |       |       |       ||    18
       Quarterstaff      |       |       |   187 |   483 |   867 ||  1537
Throw: Boomerang         |    73 |    18 |     8 |     1 |    14 ||   114
 Cast: Freeze            |    43 |    64 |    65 |    49 |    56 ||   277
       Frozen Ramparts   |       |    15 |    21 |    28 |    25 ||    89
       Summon Ice Beast  |       |       |     4 |    23 |    33 ||    60
       Hailstorm         |       |       |     6 |    50 |   115 ||   171
       Iskenderun's Batt |       |       |       |     5 |     3 ||     8
       Ozocubu's Armour  |       |       |       |    16 |    16 ||    32
       Summon Demon      |       |       |       |       |     7 ||     7
Invok: Wall of Briars    |       |     1 |       |       |    14 ||    15
       Grow Ballistomyce |       |       |       |       |     4 ||     4
       Grow Oklob        |       |       |       |       |     3 ||     3
       Overgrow          |       |       |       |       |     1 ||     1
Evoke: Wand              |       |       |     3 |     1 |     2 ||     6
       Box of beasts     |       |       |       |       |     2 ||     2
       Tin of tremorston |       |       |       |       |     1 ||     1
  Use: Scroll            |     3 |     1 |    13 |     9 |    19 ||    45
       Potion            |       |       |       |     1 |     8 ||     9
 Stab: Sleeping          |       |       |     6 |     7 |     6 ||    19
       Distracted        |       |       |       |     1 |     4 ||     5
  Eat: Chunk             |     3 |     6 |    17 |    22 |    31 ||    79
       Ration            |       |       |       |     1 |     2 ||     3
Armor: Robe              |    14 |    13 |    45 |   151 |   236 ||   459
       Leather armour    |       |       |    26 |       |       ||    26
Dodge: Dodged            |    51 |    37 |   202 |   549 |  1024 ||  1863

Table legend:
 A = Non-vault XP
 B = Vault XP
 C = Vault XP percentage of total XP
 D = Non-vault monster count
 E = Vault monster count
 F = Vault count percentage of total count
                 A         B        C        D         E       F
            +---------+---------+-------+---------+---------+-------
      Total |   64494 |   42860 |  39.9 |     539 |     169 |  23.9
            +---------+---------+-------+---------+---------+-------
        D:1 |      33 |       0 |   0.0 |      21 |       0 |   0.0
        D:2 |      57 |       0 |   0.0 |      20 |       0 |   0.0
        D:3 |     131 |      20 |  13.2 |      33 |       4 |  10.8
        D:4 |     404 |      39 |   8.8 |      18 |       4 |  18.2
        D:5 |     593 |       0 |   0.0 |      10 |       0 |   0.0
        D:6 |     931 |       0 |   0.0 |      34 |       0 |   0.0
        D:7 |    1024 |       3 |   0.3 |      19 |       1 |   5.0
        D:8 |    1338 |       0 |   0.0 |      34 |       0 |   0.0
        D:9 |    1872 |     928 |  33.1 |      34 |       5 |  12.8
       D:10 |    1674 |       0 |   0.0 |      16 |       0 |   0.0
       D:11 |    4402 |    1474 |  25.1 |      43 |       3 |   6.5
       D:12 |    4333 |    4036 |  48.2 |      35 |      34 |  49.3
       D:13 |    7277 |    3787 |  34.2 |      49 |       8 |  14.0
       D:14 |    6410 |    4323 |  40.3 |      42 |       8 |  16.0
     Lair:1 |    3068 |     664 |  17.8 |      13 |       6 |  31.6
     Lair:2 |    4502 |    1238 |  21.6 |      23 |       4 |  14.8
     Lair:3 |    1988 |    2972 |  59.9 |       9 |      11 |  55.0
     Lair:4 |    5782 |    7418 |  56.2 |      19 |      42 |  68.9
     Lair:5 |    4239 |    2116 |  33.3 |      19 |       3 |  13.6
     Lair:6 |   14186 |    9217 |  39.4 |      47 |      25 |  34.7
    Swamp:1 |     250 |    1003 |  80.0 |       1 |       3 |  75.0
   Gauntlet |       0 |    3622 | 100.0 |       0 |       8 | 100.0
            +---------+---------+-------+---------+---------+-------
